 Dungeon Crawl Stone Soup version 0.30-a0-137-gd8773701ce (webtiles) character file.

Game seed: 13218345028783399681

798 blackman the Spear-Bearer (level 7, -6/57 HPs)
             Began as a Minotaur Fighter on Sept 22, 2022.
             Was a Believer of the Shining One.
             Killed from afar by a white imp (8 damage)
             ... with a puff of frost
             ... on level 5 of the Dungeon.
             The game lasted 00:06:34 (4205 turns).

blackman the Spear-Bearer (Minotaur Fighter)        Turns: 4205, Time: 00:06:35

Health: -6/57      AC:  9    Str: 22    XL:     7   Next: 58%
Magic:  6/6        EV:  7    Int:  5    God:    the Shining One [**....]
Gold:   299        SH:  4    Dex: 10    Spells: 6/6 levels left

rFire   . . .      SeeInvis .    a - +0 trident
rCold   . . .      Faith    .    c - +0 buckler
rNeg    + . .      Spirit   .    e - +0 chain mail
rPois   .          Reflect  .    (helmet restricted)
rElec   .          Harm     .    (no cloak)
rCorr   .          Rampage  .    (no gloves)
Will    .....                    (no boots)
Stlth   ..........               (no amulet)
HPRegen 0.19/turn                (no ring)
MPRegen 0.10/turn                (no ring)

@: glowing
A: horns 2, retaliatory headbutt, beak, MP-powered wands
a: Renounce Religion, Divine Shield


You were on level 5 of the Dungeon.
You worshipped the Shining One.
The Shining One was pleased with you.
You visited 1 branch of the dungeon, and saw 5 of its levels.
You also visited: Sewer.

You collected 299 gold pieces.

Inventory:

Hand Weapons
 a - a +0 trident (weapon)
 r - a +0 morningstar
   (You found it on level 3 of the Dungeon)
Missiles
 s - 4 poisoned darts (quivered)
 y - 5 javelins
Armour
 c - a +0 buckler (worn)
 e - a +0 chain mail (worn)
   (You found it on level 1 of the Dungeon)
 w - a +0 pair of gloves
   (You found it in a sewer)
Scrolls
 f - 3 scrolls of enchant armour {unknown}
 g - a scroll of fog
 k - 3 scrolls of torment {unknown}
 m - 4 scrolls of identify {unknown}
 p - 2 scrolls of summoning {unknown}
 u - 2 scrolls of fear {unknown}
 v - a scroll of acquirement {unknown}
Potions
 b - a potion of mutation
 i - a potion of resistance {unknown}
 j - a potion of invisibility {unknown}
 l - 2 potions of haste {unknown}
 n - a potion of berserk rage {unknown}
 o - 5 potions of degeneration
 q - a potion of curing {unknown}
 t - a potion of lignification {unknown}
 x - 5 potions of flight


   Skills:
 - Level 3.6 Fighting
 + Level 10.5 Polearms
 - Level 3.6 Armour
 - Level 3.6 Shields


You had 6 spell levels left.
You didn't know any spells.
Your spell library contained the following spells:

 Spells                   Type           Power      Damage    Failure   Level
 Beastly Appendage        Tmut           0%         N/A       99%         1
 Wereblood                Tmut           0%         N/A       100%        2
 Ignite Poison            Fire/Tmut/Pois 0%         N/A       100%        3
 Spider Form              Tmut/Pois      0%         N/A       100%        3
 Sticky Flame             Conj/Fire      0%         2d3       100%        4


Dungeon Overview and Level Annotations

Branches:
Dungeon (5/15)              Sewer (visited)
 Temple: D:4-7

Altars:
Cheibriados
Qazlal
The Shining One

Shops:
D:2 :


Innate Abilities, Weirdness & Mutations

You have a pair of horns on your head.
You reflexively headbutt those who attack you in melee.
You have a beak for a mouth.
You expend magic power (3 MP) to strengthen your wands.


Message History

The white imp hits you but does no damage.
You block the wyvern's attack.
You hit the wyvern but do no damage.
The wyvern is severely wounded.
The white imp gestures at you. The puff of frost hits you!
* * * LOW HITPOINT WARNING * * *
The wyvern bites you.
* * * LOW HITPOINT WARNING * * *
Unknown command.
Throw: throwing net
Press: ? - help, Shift-Dir - straight line, f/p - wyvern
Aim: a wyvern (severely wounded, haloed, 76% to hit)
You throw a throwing net. The throwing net hits the wyvern.
The wyvern is caught in the net!
The wyvern is severely wounded.
The wyvern struggles against the net.
The white imp gestures at you. The puff of frost hits you.
* * * LOW HITPOINT WARNING * * *
The wyvern struggles against the net. x2
Reach: a) +0 trident
Press: ? - help, Dir - move target, f/p - wyvern
Aim: a wyvern (severely wounded, entangled in a net, haloed, about 3% to evade your +0 trident)
You reach to attack!
You hit the wyvern but do no damage.
The wyvern is severely wounded.
The wyvern struggles against the net.
The net rips apart, and the wyvern comes free!
The white imp barely misses you.
Reach: a) +0 trident
Press: ? - help, Dir - move target, f/p - wyvern
Aim: a wyvern (severely wounded, haloed, about 21% to evade your +0 trident)
Okay, then.
Unknown command.
It was a potion of mutation.
You feel extremely strange.
Your mouth lengthens and hardens into a beak!
You feel your magical essence link to the dungeon's wands.
The white imp gestures at you. The puff of frost hits you!
You die...

... ...##
..... ###
#.....
#..###......
##....#......
#...<........
##..@5.......
#.##l.......
## ##)......
.......
.......
.......
.......
.......
...(...


You could see a wyvern and a white imp.

Vanquished Creatures
  A wyvern (D:4)
  A black bear (D:4)
  An ogre (D:5)
  An orc priest (D:4)
  A hound (D:4)
  A jelly (D:3)
  Natasha (thrice) (D:2)
  2 orc wizards (D:4)
  A mummy (D:3)
  12 adders
  4 river rats (Sewer)
  2 worms
  5 dart slugs
  3 orcs (D:4)
  13 ball pythons
  9 bats
  7 endoplasms
  3 giant cockroaches
  4 goblins
  5 hobgoblins
  7 jackals
  7 kobolds
  6 quokkas
  8 frilled lizards
  6 rats
113 creatures vanquished.

Vanquished Creatures (others)
  A demonic plant (D:1)
  A fungus (D:1)
2 creatures vanquished.

Grand Total: 115 creatures vanquished

Notes
Turn   | Place    | Note
-------+----------+-------------------------------------------
     0 | D:1      | blackman the Minotaur Fighter began the quest for the Orb.
     0 | D:1      | Reached XP level 1. HP: 19/19 MP: 0/0
   125 | D:1      | Reached skill level 3 in Polearms
   157 | D:1      | Reached XP level 2. HP: 26/26 MP: 1/1
   364 | D:1      | Found a faded altar of an unknown god.
   403 | D:1      | Reached skill level 4 in Polearms
   404 | D:1      | Prayed at the altar of an unknown god.
   404 | D:1      | Became a worshipper of the Shining One
   404 | D:1      | Reached * piety under the Shining One
   580 | D:1      | Reached XP level 3. HP: 31/31 MP: 2/2
   972 | D:2      | Found Xushrimu's Vocational Training.
  1476 | D:2      | Noticed Natasha
  1478 | D:2      | Killed Natasha
  1479 | D:2      | Reached skill level 5 in Polearms
  1479 | D:2      | Reached XP level 4. HP: 39/39 MP: 3/3
  1638 | D:2      | Noticed Natasha
  1642 | D:2      | Killed Natasha
  1750 | D:2      | Noticed Natasha
  1754 | D:2      | Killed Natasha
  1755 | D:2      | Reached skill level 6 in Polearms
  1933 | D:3      | Found a stormy altar of Qazlal.
  1986 | D:3      | Reached XP level 5. HP: 45/45 MP: 4/4
  2118 | D:3      | Reached skill level 7 in Polearms
  2382 | D:3      | Found a snail-covered altar of Cheibriados.
  2519 | D:4      | Reached XP level 6. HP: 35/51 MP: 5/5
  2526 | D:4      | Identified the +8 quarterstaff "Uphurenn" {drain, rC+}
  2705 | D:4      | Reached skill level 8 in Polearms
  2713 | D:4      | Found a glowing drain.
  2723 | Sewer    | Entered a sewer
  2874 | Sewer    | Reached ** piety under the Shining One
  3596 | D:4      | Reached skill level 9 in Polearms
  3611 | D:4      | Reached XP level 7. HP: 57/57 MP: 6/6
  3681 | D:4      | Noticed a wyvern
  3686 | D:4      | Killed a wyvern
  3687 | D:4      | Reached skill level 10 in Polearms
  4188 | D:5      | Entered Level 5 of the Dungeon
  4192 | D:5      | Noticed a wyvern
  4202 | D:5      | HP: 2/57 [white imp/puff of frost (2)]
  4205 | D:5      | Gained mutation: You have a beak for a mouth. [potion of
                  | mutation]
  4205 | D:5      | Gained mutation: You expend magic power (3 MP) to
                  | strengthen your wands. [potion of mutation]
  4205 | D:5      | Killed from afar by a white imp

Illustrated notes

Levels and vault maps discovered:
D:1:      wander_arrival_estate, layout_basic, shapermc_ecumenical_altar_gd,
          minmay_tree_intersection
D:2:      layout_basic, nicolae_shop_vocational, uniq_natasha
D:3:      layout_rooms, mainiacjoe_overflow_brackets, slow_altar_2
D:4:      layout_cave_pods, portal_sewer_entry_b
D:5:      layout_cave_pools, kiku_gazebo_garden_becter,
          gammafunk_ghost_mausoleum, serial_shops, nicolae_diamond_shop

Skill      XL: |  1  2  3  4  5  6  7 |
---------------+----------------------+-----
Polearms       | 3 4 5 6 7 9 10 | 10.5
Fighting       | |  3.6
Armour         | |  3.6
Shields        | |  3.6

Action                   |  1- 3 |  4- 6 |  7- 9 || total
-------------------------+-------+-------+-------++-------
Melee: Trident           |    79 |   174 |    25 ||   278
       Headbutt          |     5 |    22 |     4 ||    31
Throw: Throwing net      |       |       |     3 ||     3
  Use: Scroll            |     1 |       |       ||     1
       Potion            |       |     1 |     2 ||     3
Armor: Scale mail        |     1 |       |       ||     1
       Chain mail        |    21 |    82 |     2 ||   105
Dodge: Dodged            |    13 |    39 |     4 ||    56
Block: Buckler           |     7 |    27 |     4 ||    38

Table legend: (Time is in decaauts)
 A = Elapsed time spent in this place.
 B = Non-inter-level travel time spent in this place.
 C = Inter-level travel time spent in this place.
 D = Time resting spent in this place.
 E = Time spent auto-exploring this place.
 F = Levels seen in this place.
 G = Mean time per level.
                   A        B        C        D        E       F      G
               +--------+--------+--------+--------+--------+-----+--------+
         Total |   4379 |   4234 |    145 |      0 |   3465 |   6 |  729.8 |
       Dungeon |   3355 |   3210 |    145 |      0 |   2722 |   5 |  671.0 |
         Sewer |   1024 |   1024 |      0 |      0 |    743 |   1 | 1024.0 |
               +--------+--------+--------+--------+--------+-----+--------+

Top non-repeatable levels by time:
     D:2: 1043 daAuts
   Sewer: 1024 daAuts
     D:4: 924 daAuts
     D:1: 886 daAuts
     D:3: 485 daAuts
     D:5: 15 daAuts
